 Dungeon Crawl Stone Soup version 0.18.1-1-g2f07953 (webtiles) character file.

1069 Hsing the Digger (level 8, -10/41 HPs)
             Began as a Gargoyle Earth Elementalist on May 6, 2016.
             Was a Follower of Vehumet.
             Mangled by an orc warrior
             ... wielding a +0 glaive
              (17 damage)
             ... on level 7 of the Dungeon on May 7, 2016.
             The game lasted 00:30:34 (7075 turns).

Hsing the Digger (Gargoyle Earth Elementalist)      Turns: 7075, Time: 00:30:35

Health: -10/41     AC:  8    Str: 11 (12) XL:     8   Next: 28%
Magic:  0/18       EV: 12    Int: 21      God:    Vehumet [*.....]
Gold:   231        SH:  0    Dex:  9 (10) Spells: 3 memorised, 12 levels left

rFire  . . .     SeeInvis .     a - +0 rapier
rCold  . . .     Gourm    .     z - +1 robe
rNeg   + . .     Faith    +     (no shield)
rPois  ∞         Spirit   .     (no helmet)
rElec  +         Dismiss  .     (no cloak)
rCorr  .         Reflect  .     (no gloves)
SustAt .         Harm     .     (no boots)
MR     .....                    o - amulet of faith
Stlth  +++.......               s - ring of stealth
                                r - +3 ring of intelligence

@: not resistant to hostile enchantments, fairly stealthy
A: blurry vision 1, mutation resistance 1, negative energy resistance 1,
electricity resistance, unbreathing, petrification resistance, rot immunity, AC
+5
a: Renounce Religion


You were on level 7 of the Dungeon.
You worshipped Vehumet.
Vehumet was aware of your devotion.
You were not hungry.

You visited 1 branch of the dungeon, and saw 7 of its levels.

You collected 231 gold pieces.

Inventory:

Hand Weapons
 a - a +0 rapier (weapon)
Missiles
 b - 109 stones (quivered)
Armour
 z - a +1 robe (worn)
Jewellery
 o - an amulet of faith (around neck)
 r - a +3 ring of intelligence (left hand)
 s - a ring of stealth (right hand)
 w - an uncursed ring of positive energy
 F - an uncursed ring of resist corrosion
 G - a +3 ring of strength
Wands
 j - a wand of iceblast (0/15)
Scrolls
 k - a scroll of fog
 m - 3 scrolls of remove curse
 q - 3 scrolls of magic mapping
 u - a scroll of enchant weapon
Potions
 h - a potion of brilliance
 i - a potion of agility
 x - 2 potions of might
 E - a potion of invisibility
Books
 c - a book of Geomancy

   Spells                             Type                      Level
   a - Sandblast                      Earth                        1
   b - Passwall                       Transmutation/Earth          2
   c - Stone Arrow                    Conjuration/Earth            3
   d - Petrify                        Transmutation/Earth          4
   e - Lee's Rapid Deconstruction     Earth                        5
Comestibles
 d - 3 bread rations


   Skills:
 - Level 1.5 Dodging
 - Level 2.1 Stealth
 * Level 7.1 Spellcasting
   Level 0.7 Transmutations
 + Level 7.8 Earth Magic


You had 12 spell levels left.
You knew the following spells:

 Your Spells              Type           Power        Failure   Level  Hunger
a - Sandblast             Erth           #####.       1%          1    None
b - Stone Arrow           Conj/Erth      ###...       6%          3    #......
c - Lee's Rapid Deconstr  Erth           #####.....   12%         5    #####..


Dungeon Overview and Level Annotations

Branches:
Dungeon (7/15)             Temple (0/1) D:5

Altars:
Cheibriados
Dithmenos
Elyvilon
Fedhas
Kikubaaqudgha
Makhleb
Sif Muna
Vehumet

Shops:
D:4 *

Annotations:
D:4 krfreak's ghost, amateur DsWn


Innate Abilities, Weirdness & Mutations

You are resistant to torment.
Your stone body is resilient (AC +5).
You are immune to poison.
You resist negative energy.
You are resistant to electric shocks.
You can survive without breathing.
You are immune to petrification.
You are immune to rotting.
Scrolls take you a little longer to read.
You are somewhat resistant to further mutation.


Message History

You kill the orc wizard!
Vehumet accepts your kill.
a - a +0 rapier (weapon)
The giant frog hits you but does no damage.
You puncture the giant frog!
The giant frog is moderately wounded.
The giant frog hits you but does no damage.
The orc warrior hits you from afar with a glaive.
You hit the giant frog but do no damage.
The giant frog is moderately wounded.
The giant frog hits you but does no damage.
The giant frog hits you.
The orc warrior hits you from afar with a glaive!
* * * LOW HITPOINT WARNING * * *
Drink which item? (? for menu, Esc to quit)
You feel better. The giant frog hits you.
* * * LOW HITPOINT WARNING * * *
The giant frog closely misses you.
The orc warrior hits you from afar with a glaive!
You die...

###### . #....# ...
#....#
.?)..############....##
..).[.oF@.......'.....#
###..############.....#
#.......# #.###'#.#
#†#..<#.# #.#####.#
#.=.....# #########


You could see an orc warrior and a giant frog.

Vanquished Creatures
  A water moccasin (D:7)
  A centaur (D:5)
  A scorpion (D:4)
  A wyvern skeleton (D:6)
  A howler monkey (D:6)
  2 crimson imps
  4 hounds
  2 orc priests
  2 orc wizards
  3 worker ants (D:4)
  A hound skeleton (D:6)
  A worker ant zombie (D:3)
  11 gnolls
  12 adders
  An ooze (D:3)
  A worm (D:2)
  A dart slug (D:5)
  5 giant geckos
  11 orcs
  3 bats (D:1)
  9 giant cockroaches
  8 goblins
  3 hobgoblins
  17 jackals
  3 quokkas
  2 ball pythons
  A giant gecko skeleton (D:4)
  7 giant newts
  2 jackal skeletons (D:5)
  7 kobolds
  9 rats
133 creatures vanquished.

Notes
Turn   | Place    | Note
--------------------------------------------------------------
     0 | D:1      | Hsing the Gargoyle Earth Elementalist began the quest for the Orb.
     0 | D:1      | Reached XP level 1. HP: 10/10 MP: 3/3
   196 | D:1      | Reached XP level 2. HP: 15/15 MP: 3/5
   549 | D:1      | Reached XP level 3. HP: 19/19 MP: 4/6
   773 | D:1      | Learned a level 3 spell: Stone Arrow
  1027 | D:2      | Reached XP level 4. HP: 21/24 MP: 0/8
  1230 | D:2      | Reached skill level 5 in Earth Magic
  1553 | D:2      | Reached XP level 5. HP: 28/28 MP: 3/10
  1673 | D:2      | Found a blossoming altar of Fedhas.
  1731 | D:2      | Found a snail-covered altar of Cheibriados.
  1732 | D:2      | Found a burning altar of Makhleb.
  2066 | D:3      | Learned a level 5 spell: Lee's Rapid Deconstruction
  2168 | D:3      | Reached XP level 6. HP: 32/32 MP: 3/12
  2425 | D:3      | Found a radiant altar of Vehumet.
  2425 | D:3      | Found an ancient bone altar of Kikubaaqudgha.
  2426 | D:3      | Found a deep blue altar of Sif Muna.
  2432 | D:3      | Identified Vehumet's Disquisition on Conjuration
  2434 | D:3      | Became a worshipper of Vehumet
  2517 | D:4      | Reached skill level 5 in Spellcasting
  2590 | D:4      | Found Iqurim's Assorted Antiques.
  2881 | D:4      | Noticed krfreak's ghost (amateur DsWn)
  2968 | D:4      | Found a white marble altar of Elyvilon.
  2999 | D:5      | Entered Level 5 of the Dungeon
  3002 | D:5      | Reached XP level 7. HP: 30/36 MP: 8/15
  3278 | D:5      | Found a staircase to the Ecumenical Temple.
  3423 | D:5      | Reached * piety under Vehumet
  3423 | D:5      | Offered knowledge of Shock by Vehumet.
  4614 | D:6      | Reached XP level 8. HP: 39/41 MP: 14/17
  4622 | D:6      | Found a shadowy altar of Dithmenos.
  5398 | D:4      | HP: 2/41 [krfreak's ghost (8)]
  5423 | D:3      | Gained mutation: Scrolls take you a little longer to read. [potion of mutation]
  5423 | D:3      | Gained mutation: You are somewhat resistant to further mutation. [potion of mutation]
  7040 | D:7      | Upgraded the game from 0.18.0-1-g0107ab7 to 0.18.1-1-g2f07953
  7075 | D:7      | Mangled by an orc warrior

Skill      XL: |  1  2  3  4  5  6  7  8 |
---------------+-------------------------+-----
Earth Magic    | 4 5 6 7 |  7.8
Spellcasting   | 3 4 5 6 7 |  7.1
Dodging        | |  1.5
Stealth        | |  2.1
Transmutations | |  0.7

Action                   |  1- 3 |  4- 6 |  7- 9 || total
-------------------------+-------+-------+-------++-------
Melee: Short sword       |     6 |       |       ||     6
       Dagger            |       |    11 |       ||    11
       Rapier            |       |       |     2 ||     2
 Cast: Sandblast         |    51 |    86 |    84 ||   221
       Stone Arrow       |       |    12 |    13 ||    25
       Lee's Rapid Decon |       |     3 |    12 ||    15
Evoke: Wand              |       |       |     4 ||     4
  Use: Scroll            |     2 |     9 |     7 ||    18
       Potion            |       |       |    10 ||    10
  Eat: Beef jerky        |     2 |       |       ||     2
       Pizza             |     1 |     1 |       ||     2
       Fruit             |       |     4 |       ||     4
       Meat ration       |       |       |     3 ||     3
       Bread ration      |       |       |     1 ||     1
Armor: Robe              |     4 |    15 |    20 ||    39
Dodge: Dodged            |    24 |    45 |    28 ||    97
